 Dungeon Crawl Stone Soup version 0.23-a0-49-gd9f7a49 (webtiles) character file.

79 Amnesiac the Gusty (level 4, -4/30 HPs)
             Began as a Mummy Air Elementalist on Aug 7, 2018.
             Slain by a hobgoblin
             ... wielding a +0 club
             ... led by Robin
              (5 damage)
             ... on level 4 of the Dungeon.
             The game lasted 00:03:40 (1959 turns).

Amnesiac the Gusty (Mummy Air Elementalist)         Turns: 1959, Time: 00:03:41

Health: -4/30      AC:  5    Str: 11    XL:     4   Next: 17%
Magic:  9/9        EV:  7    Int: 15    God:
Gold:   85         SH:  7    Dex: 12    Spells: 9/10 levels left

rFire    x . .     SeeInvis .   d - +0 short sword
rCold    + . .     Gourm    .   b - +1 shield
rNeg     + + +     Faith    .   f - +0 ring mail
rPois    ∞         Spirit   .   (no helmet)
rElec    .         Reflect  .   (no cloak)
rCorr    .         Harm     .   (no gloves)
MR       .....                  (no boots)
Stlth    +.........             (no amulet)
HPRegen  0.10/turn              (no ring)
MPRegen  0.11/turn              (no ring)

@: no status effects
A: no food or potions, fire vulnerability, cold resistance 1, negative energy
resistance 3, torment resistance, unbreathing
a: no special abilities


You were on level 4 of the Dungeon.
You were not hungry.

You visited 1 branch of the dungeon, and saw 4 of its levels.

You collected 85 gold pieces.

Inventory:

Hand Weapons
 c - a +1 dagger of pain
 d - a +0 short sword (weapon)
Armour
 a - a +0 robe
 b - a +1 shield (worn)
 f - a +0 ring mail (worn)


   Skills:
 - Level 1.5 Dodging
 - Level 1.5 Stealth
 + Level 3.6 Spellcasting
 - Level 0.7 Conjurations
 * Level 3.8 Air Magic


You had 9 spell levels left.
You knew the following spells:

 Your Spells              Type           Power        Failure   Level  Hunger
w - Shock                 Conj/Air       #...         77%         1    N/A

Your spell library contained the following spells:

 Spells                   Type           Power        Failure   Level  Hunger
 Lightning Bolt           Conj/Air       #.........   100%        5    N/A
 Swiftness                Chrm/Air       #.......     92%         2    N/A
 Airstrike                Air            ##........   100%        4    N/A
 Static Discharge         Conj/Air       #.......     98%         3    N/A

Dungeon Overview and Level Annotations

Branches:
Dungeon (4/15)
 Temple: D:4-7

Altars:

Annotations:
D:4 Robin


Innate Abilities, Weirdness & Mutations

You do not eat or drink.
Your flesh is vulnerable to fire.
You are immune to poison.
Your flesh is cold resistant. (rC+)
You are immune to negative energy. (rN+++)
You are immune to unholy pain and torment.
You can survive without breathing.


Message History

The orc hits you with a club. The goblin hits you but does no damage.
A goblin comes into view.
You closely miss the goblin.
Robin roars a battlecry!
The goblins go into a battle-frenzy!
The goblin barely misses you. The orc closely misses you.
The goblin hits you but does no damage. You block the goblin's attack.
Your shield prevents you from hitting the goblin.
The goblin hits you with a dagger of pain.
The orc hits you but does no damage.
A hobgoblin comes into view. It is wielding a club.
The goblin hits you. The goblin hits you but does no damage.
The orc completely misses you.
The hobgoblin shouts!
You hit the goblin.
The goblin is heavily wounded.
You hear a shout!
You hear an angry hiss.
You hear a shout!
The goblin barely misses you.
A goblin comes into view.
The goblin hits you but does no damage. The orc hits you but does no damage.
You hit the goblin.
You kill the goblin!
A worker ant comes into view.
Robin throws the goblin at you!
The goblin hits you but does no damage. x2
The orc hits you but does no damage.
You hit the goblin.
You kill the goblin!
The goblin hits you.
Robin flexes a bicep menacingly.
Robin throws the goblin at you! The orc barely misses you.
A leopard gecko skeleton comes into view.
You block the goblin's attack. x2
A goblin comes into view. It is wielding a dagger.
You closely miss the goblin. You block the orc's attack. The goblin hits you.
* * * LOW HITPOINT WARNING * * *
The goblin hits you.
* * * LOW HITPOINT WARNING * * *
The worker ant waves its antennae.
You hit the goblin.
The goblin is heavily wounded.
The goblin hits you.
* * * LOW HITPOINT WARNING * * *
You block the orc's attack. The goblin hits you.
* * * LOW HITPOINT WARNING * * *
A hobgoblin comes into view.
You hit the goblin.
You kill the goblin!
The orc closely misses you.
Robin roars a battlecry!
The goblins go into a battle-frenzy!
The goblin hits you.
* * * LOW HITPOINT WARNING * * *
An orc warrior comes into view. It is wielding a battleaxe.
A goblin comes into view.
The goblin shouts!
A worker ant comes into view.
The orc barely misses you.
Items here: ) ††† a dagger of pain; a goblin corpse x3
c - a dagger of pain The worker ant twitches its antennae in your direction.
The goblin barely misses you. The orc hits you but does no damage.
The hobgoblin hits you with a club.
You die...

. .. ... ....
..... ######
.....r####....#
....ogao@#....#
...).###gggg..#
... ###gg..# .
#g...# #....#
......#
..#....#
##g.....#
......##


You could see an orc warrior, a worker ant, Robin, an orc, a quokka, 3
hobgoblins and 4 goblins.

Vanquished Creatures
  Jessica (D:2)
  An adder (D:2)
  2 dart slugs
  A ball python (D:2)
  6 goblins
  3 hobgoblins
  6 jackals
  5 bats
  2 frilled lizards
  7 kobolds
  5 rats
39 creatures vanquished.

Notes
Turn   | Place    | Note
-------+----------+-------------------------------------------
     0 | D:1      | Amnesiac the Mummy Air Elementalist began the quest for the Orb.
     0 | D:1      | Reached XP level 1. HP: 13/13 MP: 4/4
     3 | D:1      | Noticed an electric eel
     3 | D:1      | Noticed an electric eel
   519 | D:1      | Reached XP level 2. HP: 17/19 MP: 5/5
  1285 | D:2      | Reached XP level 3. HP: 5/24 MP: 7/7
  1576 | D:2      | Noticed Jessica
  1585 | D:2      | Killed Jessica
  1776 | D:2      | Reached XP level 4. HP: 24/30 MP: 9/9
  1947 | D:4      | Noticed Robin
  1957 | D:4      | HP: 1/30 [goblin[Robin] (2)]
  1957 | D:4      | Noticed an orc warrior
  1959 | D:4      | Slain by a hobgoblin

Vault maps used:
D:1:      arrival_aquarium_b
D:2:      uniq_jessica
D:3:      nicolae_overflow_crystal_walls, gammafunk_ghost_stat_death,
          uniq_terence
D:4:      yredelemnul_altar_generic, first_ration, uniq_robin

Skill      XL: |  1  2 |
---------------+-------+-----
Air Magic      | 3 |  3.8
Spellcasting   | 3 |  3.6
Dodging        | |  1.5
Stealth        | |  1.5
Conjurations   | |  0.7

Action                   |  1- 3 |  4- 6 || total
-------------------------+-------+-------++-------
Melee: Unarmed           |    58 |       ||    58
       Whip              |    32 |       ||    32
       Short sword       |   109 |    43 ||   152
  Use: Scroll            |     5 |       ||     5
 Stab: Sleeping          |     2 |       ||     2
Armor: Robe              |    16 |       ||    16
       Ring mail         |    78 |    32 ||   110
Dodge: Dodged            |   124 |    30 ||   154
Block: Shield            |    60 |    25 ||    85

Table legend:
 A = Spawn XP
 B = Non-spawn XP
 C = Spawn XP percentage of total XP
 D = Spawn monster count
 E = Non-spawn monster count
 F = Spawn count percentage of total count
 G = Total turns spent on level
                    A         B        C        D         E        F      G
               +---------+---------+-------+---------+---------+-------+---------
         Total |       0 |     114 |   0.0 |       0 |      39 |   0.0 |  1959
               +---------+---------+-------+---------+---------+-------+---------
           D:1 |       0 |      27 |   0.0 |       0 |      18 |   0.0 |  1426
           D:2 |       0 |      73 |   0.0 |       0 |      14 |   0.0 |   362
           D:3 |       0 |       8 |   0.0 |       0 |       4 |   0.0 |   152
           D:4 |       0 |       6 |   0.0 |       0 |       3 |   0.0 |    19
               +---------+---------+-------+---------+---------+-------+---------
